 Dungeon Crawl Stone Soup version 0.30-a0-782-ge64f9170bb (webtiles) character file.

Game seed: 9884785933023513099

17979 gruber the Covert (level 12, 0/96 HPs)
             Began as a Vine Stalker Brigand on Feb 28, 2023.
             Was an Elder of Uskayaw.
             Succumbed to a spriggan's poison
             ... on level 1 of the Lair of Beasts.
             The game lasted 00:13:16 (9586 turns).

gruber the Covert (Vine Stalker Brigand)            Turns: 9586, Time: 00:13:16

Health: 0/96       AC: 11    Str: 25    XL:     12   Next: 53%
Magic:  15/15      EV: 15    Int: 11    God:    Uskayaw [****..]
Gold:   805        SH:  0    Dex: 22    Spells: 11/11 levels left

rFire   . . .      SeeInvis .    G - +6 dagger
rCold   + . .      Faith    .    (no shield)
rNeg    . . .      Spirit   +    J - +2 leather armour {rC+}
rPois   +          Reflect  .    S - +0 helmet
rElec   .          Harm     .    H - +0 cloak
rCorr   .          Rampage  .    C - +2 pair of gloves of Patterns {rPois}
Will    +....                    (no boots) Stlth
                                 (no amulet)
HPRegen 1.16/turn                c - +6 ring of strength
MPRegen 0.14/turn                u - +6 ring of dexterity

@: berserking, lethally poisoned (0 -> -10), very quick
A: fangs 3, regeneration 1, magic shield, antimagic bite, no potion heal 2
a: Renounce Religion, Stomp, Line Pass


You were on level 1 of the Lair of Beasts.
You worshipped Uskayaw.
Uskayaw was noncommittal.
You visited 3 branches of the dungeon, and saw 13 of its levels.
You also visited: Sewer.

You collected 805 gold pieces.

Inventory:

Hand Weapons
 F - a +1 short sword of freezing
 G - a +6 dagger (weapon)
Missiles
 d - 32 poisoned darts (quivered)
 e - 6 curare-tipped darts
 h - 6 atropa-tipped darts
 T - 4 throwing nets
Armour
 w - the +2 scale mail "Cicw" {Dex+3}
   (You found it on level 4 of the Dungeon)

   Dex:       It affects your dexterity (+3).
 C - the +2 pair of gloves of Patterns (worn) {rPois}
   (You found it on level 5 of the Dungeon)

   rPois:     It protects you from poison.
 H - a +0 cloak (worn)
 J - a +2 leather armour of cold resistance (worn)
 S - a +0 helmet (worn)
Jewellery
 c - a +6 ring of strength (left hand)
 u - a +6 ring of dexterity (right hand)
 V - a ring of ice
 W - a ring of ice
 X - a ring of wizardry
Wands
 o - a wand of polymorph (5)
 D - a wand of roots (38)
 O - a wand of flame (16)
 Q - a wand of paralysis (2)
 U - a wand of digging (8)
 Y - a wand of mindburst (5)
Scrolls
 a - 3 scrolls of butterflies {unknown}
 g - 4 scrolls of enchant weapon {unknown}
 q - 2 scrolls of vulnerability {unknown}
 r - a scroll of immolation {unknown}
 s - 2 scrolls of teleportation {unknown}
 t - 5 scrolls of blinking {unknown}
 y - a scroll of silence {unknown}
 z - 2 scrolls of fog {unknown}
 A - 3 scrolls of enchant armour {unknown}
 I - 3 scrolls of brand weapon
 K - a scroll of magic mapping {unknown}
 M - a scroll of poison
 R - 4 scrolls of amnesia
Potions
 b - a potion of berserk rage
 i - 3 potions of invisibility
 j - 2 potions of cancellation
 l - 3 potions of might
 m - 3 potions of brilliance
 n - 5 potions of curing
 B - 4 potions of resistance {unknown}
 E - 3 potions of attraction {unknown}
 P - a potion of magic {unknown}
 Z - a potion of lignification {unknown}


   Skills:
 - Level 8.1 Fighting
 - Level 12.2 Short Blades
 - Level 1.7 Throwing
 - Level 5.1 Armour
 - Level 5.2 Dodging
 - Level 12.5 Stealth
 * Level 3.2 Invocations


You had 11 spell levels left.
You didn't know any spells.
Your spell library contained the following spells:

 Spells                   Type           Power      Damage    Failure   Level
 Beastly Appendage        Tmut           0%         N/A       36%         1
 Freeze                   Ice            0%         1d3       36%         1
 Shock                    Conj/Air       0%         1d3       36%         1
 Blink                    Tloc           0%         N/A       52%         2
 Ensorcelled Hibernation  Hex/Ice        0%         N/A       52%         2
 Lesser Beckoning         Tloc           0%         N/A       52%         2
 Momentum Strike          Conj/Tloc      0%         3d8       52%         2
 Scorch                   Fire           0%         2d5       52%         2
 Static Discharge         Conj/Air       0%         2-2/arc   52%         2
 Frozen Ramparts          Ice            0%         1d1       75%         3
 Gell's Gravitas          Tloc           0%         N/A       75%         3
 Hailstorm                Conj/Ice       0%         3d3       75%         3
 Inner Flame              Hex/Fire       0%         N/A       75%         3
 Spider Form              Tmut/Pois      0%         N/A       75%         3
 Swiftness                Air            0%         N/A       75%         3
 Teleport Other           Tloc           0%         N/A       75%         3
 Tukima's Dance           Hex            0%         N/A       75%         3
 Vhi's Electric Charge    Tloc/Air       0%         N/A       75%         3
 Airstrike                Air            0%         2d(0-16)  98%         4
 Anguish                  Hex/Necr       0%         N/A       98%         4
 Flame Wave               Conj/Fire      0%         2d4       98%         4
 Ice Form                 Ice/Tmut       0%         N/A       98%         4
 Passage of Golubria      Tloc           0%         N/A       98%         4
 Sticky Flame             Conj/Fire      0%         2d3       98%         4
 Summon Ice Beast         Ice/Summ       0%         N/A       98%         4
 Arcjolt                  Conj/Air       0%         1d10      100%        5
 Lightning Bolt           Conj/Air       0%         1d11      100%        5
 Yara's Violent Unravell  Hex/Tmut       0%         3d3       100%        5
 Dispersal                Tloc           0%         N/A       100%        6
 Summon Cactus Giant      Summ           0%         N/A       100%        6


Dungeon Overview and Level Annotations

Branches:
Dungeon (11/15)            Temple (1/1) D:6            Lair (1/5) D:10
    Orc (0/2) D:10          Sewer (visited)

Altars:
Ashenzari
Cheibriados
Dithmenos
Elyvilon
Fedhas
Gozag
Kikubaaqudgha
Nemelex Xobeh
Qazlal
Ru
Sif Muna
Trog
Uskayaw
Wu Jian
Xom
Zin
The Shining One

Shops:
D:3 (   D:5 (


Innate Abilities, Weirdness & Mutations

You have razor-sharp teeth.
Your natural rate of healing is unusually fast.
When hurt, damage is shared between your health and your magic reserves.
Your bite disrupts and absorbs the magic of your enemies.
Potions cannot restore your health.


Message History

A yak comes into view.
Uskayaw will force your foes to share their pain.
Your Invocations skill increases to level 2!
You closely miss the wolf.
The yak bellows!
You bite the wolf.
You kill the wolf!
You feel sick.
The yak is no longer sharing its pain.
The cane toad is no longer sharing its pain.
The cane toad closely misses you.
You hit the cane toad. Your bite misses the cane toad.
The cane toad is severely wounded.
The spriggan hits you with a +1 dagger of venom!
* * * LOW HITPOINT WARNING * * *
You are more poisoned.
You puncture the cane toad! Your bite misses the cane toad.
The cane toad is almost dead.
You feel very sick.
The yak is no longer sharing its pain.
The cane toad stings you!
* * * LOW HITPOINT WARNING * * *
You puncture the cane toad!
You kill the cane toad!
* * * LOW HITPOINT WARNING * * *
You feel sick. The spriggan misses you.
Your Invocations skill increases to level 3!
Okay, then.
A red film seems to cover your vision as you go berserk!
You feel yourself moving faster!
You feel mighty!
* * * LOW HITPOINT WARNING * * *
You feel very sick. The death yak barely misses you.
The spriggan hits you with a +1 dagger of venom.
* * * LOW HITPOINT WARNING * * *
You are more poisoned.
Unknown command.
Unknown command.
You puncture the death yak! You bite the death yak! You drain its power.
You feel invigorated.
The death yak is moderately wounded.
You die...

##.. .....Y...P...♣#..
#...♣...............# #
##.........P....P...♣ .#
##........... Y.....♣..#
#..P....P..#####Y....P♣.#
......P...P#=..#Y.......#
.##...P..P.#.(.'h†...P..#
.##.......P#?..#YiP.....#
.###....P..#####@......##
..##P.P....(.=!.......♣♣
..P#................P[#
.....PP.P..........P..#
......♣..............#.#
...P#♣♣.♣.P......P.♣♣###
.#### ##P.♣.....♣P.# .#
#P#.♣...♣.♣## .####
#####...###


You could see a death yak, a polar bear, 3 yaks and a spriggan.

Vanquished Creatures
  Harold (D:9)
  Fannar (D:10)
  Erica (D:9)
  2 two-headed ogres
  A boulder beetle (D:11)
  3 death yaks (D:10)
  An ugly thing (D:11)
  2 cyclopes (D:11)
  A manticore (D:11)
  Maggie (D:10)
  2 cane toads (Lair:1)
  A kobold demonologist (D:11)
  A komodo dragon (Lair:1)
  2 trolls
  2 hornets
  Prince Ribbit (D:8)
  3 shadows
  Sigmund (D:5)
  12 yaks
  6 humans (D:7)
  A wraith (D:9)
  A human (shapeshifter) (D:10)
  A basilisk (Lair:1)
  A steam dragon (D:7)
  2 water moccasins
  5 orc warriors
  3 sky beasts
  A black bear (D:4)
  12 wolves (Lair:1)
  4 ogres
  A phantom (D:6)
  2 centaurs
  6 bullfrogs
  6 kobold brigands
  A scorpion (D:5)
  4 necrophages
  3 wights (D:8)
  4 killer bees (D:10)
  A howler monkey (D:5)
  2 lava snakes (D:7)
  9 orc priests
  3 iguanas
  2 jellies
  Natasha (thrice) (D:2)
  6 orc wizards
  12 adders
  6 river rats
  2 shadow imps
  2 white imps
  9 worms
  36 orcs
  12 ball pythons
  5 bats
  5 endoplasms
  3 giant cockroaches
  5 goblins
  A hobgoblin (D:4)
  6 quokkas
  3 frilled lizards
  20 kobolds
  9 rats
265 creatures vanquished.

Vanquished Creatures (others)
  2 fungi (Lair:1)
  2 plants (Lair:1)
4 creatures vanquished.

Grand Total: 269 creatures vanquished

Notes
Turn   | Place    | Note
-------+----------+-------------------------------------------
     0 | D:1      | gruber the Vine Stalker Brigand began the quest for the
                  | Orb.
     0 | D:1      | Reached XP level 1. HP: 11/11 MP: 2/2
   186 | D:1      | Reached XP level 2. HP: 14/15 MP: 1/3
   634 | D:1      | Found a faded altar of an unknown god.
   637 | D:1      | Got Plato's Handbook of Therianthropy
   886 | D:2      | Reached XP level 3. HP: 18/18 MP: 4/4
  1033 | D:2      | Found a sparkling altar of Nemelex Xobeh.
  1138 | D:2      | Gained mutation: Your natural rate of healing is unusually
                  | fast. [Vine Stalker growth]
  1138 | D:2      | Reached XP level 4. HP: 16/23 MP: 5/5
  1235 | D:2      | Noticed Natasha
  1244 | D:2      | Killed Natasha
  1500 | D:2      | Noticed Natasha
  1506 | D:2      | Killed Natasha
  1507 | D:2      | Reached XP level 5. HP: 26/26 MP: 6/6
  1667 | D:2      | Noticed Natasha
  1703 | D:2      | Killed Natasha
  1896 | D:3      | Found Ivutt's Antique Weapon Shop.
  1963 | D:3      | Reached skill level 5 in Short Blades
  2172 | D:3      | Found an ancient bone altar of Kikubaaqudgha.
  2420 | D:4      | Noticed an ogre
  2589 | D:4      | Found a white marble altar of Elyvilon.
  2599 | D:4      | Noticed a black bear
  2618 | D:4      | Killed a black bear
  2619 | D:4      | Reached XP level 6. HP: 22/30 MP: 5/7
  2763 | D:4      | Found a broken altar of Ashenzari.
  2890 | D:4      | Identified the +2 scale mail "Cicw" {Dex+3}
  3019 | D:4      | Reached XP level 7. HP: 25/34 MP: 4/8
  3219 | D:5      | Entered Level 5 of the Dungeon
  3220 | D:5      | Found an ornate altar of the Wu Jian Council.
  3314 | D:5      | Identified the +2 pair of gloves of Patterns {rPois}
  3352 | D:5      | Identified the +1 flail of Salt {freeze, Contam rCorr
                  | Dex+3}
  3416 | D:5      | Noticed Sigmund
  3420 | D:5      | Killed Sigmund
  3421 | D:5      | Gained mutation: You have razor-sharp teeth. [Vine Stalker
                  | growth]
  3421 | D:5      | Reached XP level 8. HP: 38/38 MP: 9/9
  3471 | D:5      | Found Unnishes's Weapon Emporium.
  3733 | D:5      | Reached skill level 5 in Stealth
  3751 | D:5      | Found a glowing drain.
  3758 | Sewer    | Entered a sewer
  4537 | D:6      | Found a staircase to the Ecumenical Temple.
  4571 | Temple   | Entered the Ecumenical Temple
  4595 | Temple   | Became a worshipper of Uskayaw the Reveller
  4631 | D:6      | Reached * piety under Uskayaw
  4637 | D:6      | Reached ** piety under Uskayaw
  4843 | D:6      | Reached skill level 10 in Stealth
  4843 | D:6      | Reached XP level 9. HP: 42/42 MP: 10/10
  5071 | D:6      | Reached *** piety under Uskayaw
  5078 | D:6      | Reached **** piety under Uskayaw
  5080 | D:6      | Found a blossoming altar of Fedhas.
  5634 | D:7      | Identified the +3 halberd of Baeriff Puang {protect, Fly
                  | rN+++ rCorr Str-2}
  5704 | D:7      | Reached skill level 5 in Fighting
  5790 | D:7      | Reached ***** piety under Uskayaw
  5915 | D:7      | Reached XP level 10. HP: 45/55 MP: 9/11
  6044 | D:7      | Found a bloodstained altar of Trog.
  6348 | D:7      | Reached skill level 1 in Dodging
  6694 | D:8      | Found a glowing golden altar of the Shining One.
  6713 | D:8      | Identified the +0 ring mail of the Sky {rC+++ Str+6 Dex+2
                  | Stlth-}
  6810 | D:8      | Noticed a two-headed ogre
  6816 | D:8      | Killed a two-headed ogre
  6938 | D:8      | Noticed Prince Ribbit
  6942 | D:8      | Killed Prince Ribbit
  7162 | D:9      | Reached skill level 5 in Dodging
  7192 | D:9      | Noticed Erica
  7198 | D:9      | Reached skill level 1 in Armour
  7200 | D:9      | Killed Erica
  7234 | D:9      | Found a shadowy altar of Dithmenos.
  7577 | D:9      | Noticed Harold
  7587 | D:9      | Killed Harold
  7588 | D:9      | Reached skill level 5 in Armour
  7588 | D:9      | Reached XP level 11. HP: 56/60 MP: 12/12
  7642 | D:10     | Entered Level 10 of the Dungeon
  7652 | D:10     | Noticed Maggie
  7663 | D:10     | Killed Maggie
  7712 | D:10     | Found a glowing silver altar of Zin.
  7811 | D:10     | Paralysed by a hornet for 2 turns
  8016 | D:10     | Found a staircase to the Lair.
  8017 | D:10     | Noticed a death yak
  8018 | D:10     | Noticed a death yak
  8018 | D:10     | Noticed a death yak
  8043 | D:10     | Killed a death yak
  8044 | D:10     | Reached skill level 10 in Short Blades
  8072 | D:10     | Killed a death yak
  8201 | D:10     | Killed a death yak
  8279 | D:10     | Noticed Fannar
  8286 | D:10     | Killed Fannar
  8330 | D:10     | Found a staircase to the Orcish Mines.
  8497 | D:11     | Noticed a manticore
  8501 | D:11     | Killed a manticore
  8506 | D:11     | Noticed a red ugly thing
  8517 | D:11     | Killed a red ugly thing
  8637 | D:11     | Reached XP level 12. HP: 61/64 MP: 13/13
  8668 | D:11     | Noticed a boulder beetle
  8675 | D:11     | Killed a boulder beetle
  8676 | D:11     | Noticed a two-headed ogre
  8687 | D:11     | Killed a two-headed ogre
  9316 | Lair:1   | Entered Level 1 of the Lair of Beasts
  9563 | Lair:1   | Noticed a death yak
  9572 | Lair:1   | Reached skill level 1 in Invocations
  9585 | Lair:1   | HP: 3/96 [poisoned by a spriggan]
  9585 | Lair:1   | HP: 1/96 [spriggan/+1 dagger of venom (2)]
  9586 | Lair:1   | Succumbed to a spriggan's poison

Illustrated notes

Levels and vault maps discovered:
D:1:      minmay_arrival_pointy, layout_rooms,
          shapermc_ecumenical_altar_rom_forum, grunt_decor_mini_mirrors
D:2:      layout_basic, basic_altar, uniq_natasha
D:3:      layout_loops_ring, mainiacjoe_overflow_24_doors, serial_shops, shop,
          chequers_arboretum, chequers_jeans, chequers_decorated_corner,
          serial_park_tiny_2
D:4:      nicolae_BIG_FREAKIN_CUBE, layout_basic, mainiacjoe_overflow_catwalk,
          nicolae_overflow_hidden_temple, elyvilon_altar_3
D:5:      layout_cave_pools, mainiacjoe_overflow_alcove_1, serial_shops,
          nicolae_shop_behind_doors, gup_sewer_entry_bubbles,
          corexii_hall_statues_x, uniq_sigmund
D:6:      minmay_inner_zag, layout_basic, mainiacjoe_overflow_paths,
          minmay_temple_entry_proselytizer
D:7:      layout_loops_cross, trog_antimagical, kennysheep_big_empty_room,
          minmay_ruffians
D:8:      layout_rooms, overflow_temple_1_default, uniq_prince_ribbit1
D:9:      layout_basic, mainiacjoe_overflow_boulevard, uniq_harold, uniq_erica
D:10:     layout_gridville, old_standard_altar, dpeg_lair_monsters, uniq_maggie,
          uniq_fannar
D:11:     statuecave_lemuel, layout_basic, st_stairs_10
Temple:   nicolae_temple_bog_church
Lair:1:   layout_layer_cave, grunt_forest_large_clearing_hut

Skill      XL: |  1  2  3  4  5  6  7  8  9 10 11 12 |
---------------+-------------------------------------+-----
Short Blades   | 2 3 4 5 6 8 11 12 | 12.2
Stealth        | 10 12 | 12.5
Fighting       | 7 8 |  8.1
Dodging        | 5 |  5.2
Armour         | 5 |  5.1
Invocations    | 3 |  3.2
Throwing       | |  1.7

Action                     |  1- 3 |  4- 6 |  7- 9 | 10-12 || total
---------------------------+-------+-------+-------+-------++-------
  Melee: Dagger            |    32 |       |    96 |   382 ||   510
         Bite              |     8 |    25 |   108 |   151 ||   292
         Short sword       |    25 |    79 |   297 |       ||   401
         Punch             |     1 |     3 |       |     8 ||    12
         Unarmed           |       |    23 |       |       ||    23
  Throw: Dart              |       |     6 |     5 |    14 ||    25
 Invoke: Stomp             |       |       |       |     2 ||     2
    Use: Scroll            |       |       |       |    12 ||    12
         Potion            |       |       |       |     1 ||     1
   Stab: Sleeping          |     8 |     8 |    12 |    15 ||    43
         Distracted        |       |       |     3 |       ||     3
         Paralysed         |       |       |     6 |    21 ||    27
 Armour: Robe              |    20 |    15 |    65 |     5 ||   105
         Leather armour    |       |       |       |    62 ||    62
  Dodge: Dodged            |    37 |    47 |    98 |   185 ||   367

Table legend: (Time is in decaauts)
 A = Elapsed time spent in this place.
 B = Non-inter-level travel time spent in this place.
 C = Inter-level travel time spent in this place.
 D = Time resting spent in this place.
 E = Time spent auto-exploring this place.
 F = Levels seen in this place.
 G = Mean time per level.
                   A        B        C        D        E       F      G
               +--------+--------+--------+--------+--------+-----+--------+
         Total |   9423 |   8846 |    577 |     42 |   6972 |  14 |  673.1 |
       Dungeon |   8382 |   7830 |    552 |     42 |   6310 |  11 |  762.0 |
        Temple |     42 |     18 |     24 |      0 |     13 |   1 |   42.0 |
          Lair |    240 |    240 |      0 |      0 |    156 |   1 |  240.0 |
         Sewer |    757 |    757 |      0 |      0 |    493 |   1 |  757.0 |
               +--------+--------+--------+--------+--------+-----+--------+

Top non-repeatable levels by time:
     D:7: 1094 daAuts
     D:2: 966 daAuts
     D:6: 831 daAuts
    D:10: 790 daAuts
    D:11: 782 daAuts
     D:1: 772 daAuts
   Sewer: 757 daAuts
     D:4: 720 daAuts
     D:3: 719 daAuts
     D:9: 643 daAuts
     D:5: 634 daAuts
     D:8: 427 daAuts
  Lair:1: 240 daAuts
  Temple: 42 daAuts
